 Dungeon Crawl Stone Soup version 0.31-a0-675-g238779eb0a (webtiles) character file.

Game seed: 15495391170984390133

11622 Gargoyl the Cleaver (level 11, -5/71 HPs)
             Began as a Gargoyle Berserker on Sept 5, 2023.
             Was a Priest of Trog.
             Slain by a harpy (7 damage)
             ... on level 2 of the Lair of Beasts.
             The game lasted 00:13:46 (8904 turns).

Gargoyl the Cleaver (Gargoyle Berserker)            Turns: 8904, Time: 00:13:47

Health: -5/71      AC: 24    Str: 20    XL:     11   Next: 80%
Magic:  11/11      EV: 10    Int:  9    God:    Trog [***...]
Gold:   360        SH:  0    Dex: 13    Spells: 10/10 levels left

rFire   + . .        J - +8 frozen axe "Frostbite" {freeze, freezing cloud, *Noise Fly rC+}
rCold   + + .        (shield currently unavailable)
rNeg    + . .        y - +0 chain mail
rPois   ∞            p - +0 helmet
rElec   +            x - +0 cloak
rCorr   .            H - +0 pair of gloves
SInv    .            e - +0 pair of boots
Will    ++...        (no amulet) Stlth
                     w - ring of protection from cold
HPRegen 1.31/turn    u - ring of protection from fire
MPRegen 0.12/turn

%: no passive effects
@: confused, ambrosia-drunk, strong-willed, frozen, on berserk cooldown, flying,
regenerating, slowed, very slow
A: sickness immunity, AC +8, negative energy resistance 1, electricity
resistance, torment resistance 1, petrification resistance
a: Renounce Religion, Berserk, Trog's Hand


You were on level 2 of the Lair of Beasts.
You worshipped Trog.
Trog was most pleased with you.
You visited 2 branches of the dungeon, and saw 11 of its levels.

You collected 517 gold pieces.
You spent 157 gold pieces at shops.

Inventory:

Hand Weapons
 A - a +5 hand axe of flaming
 B - a +1 hand axe
 J - the +8 frozen axe "Frostbite" (weapon) {freeze, freezing cloud, *Noise Fly rC+}
   (You found it on level 9 of the Dungeon)

   rC+:       It protects you from cold.
   Fly:       It grants you flight.
   *Noise:    It may make a loud noise when swung.
Missiles
 f - 28 poisoned darts (quivered)
 D - a throwing net
Armour
 e - a +0 pair of boots (worn)
 p - a +0 helmet (worn)
 x - a +0 cloak (worn)
 y - a +0 chain mail (worn)
 z - a +0 kite shield
 H - a +0 pair of gloves (worn)
Jewellery
 u - a ring of protection from fire (right hand)
 w - a ring of protection from cold (left hand)
 C - an amulet of faith
 F - an amulet of magic regeneration
 M - a +5 ring of evasion
Wands
 c - a wand of roots (5)
 l - a wand of paralysis (14)
 r - a wand of flame (47)
 I - a wand of mindburst (6)
 N - a wand of polymorph (3)
Scrolls
 b - 2 scrolls of fog
 d - 2 scrolls of revelation
 g - 3 scrolls of poison
 E - 2 scrolls of teleportation
 G - 2 scrolls of immolation
 L - a scroll of blinking
Potions
 a - 4 potions of invisibility
 h - a potion of resistance
 i - 2 potions of enlightenment
 j - 2 potions of degeneration
 k - a potion of cancellation {unknown}
 m - 2 potions of haste {unknown}
 n - a potion of lignification {unknown}
 o - a potion of mutation {unknown}
 q - 2 potions of berserk rage {unknown}
 s - 5 potions of ambrosia
 t - 4 potions of attraction {unknown}
 v - 8 potions of curing {unknown}
 K - a potion of heal wounds


   Skills:
 + Level 9.0 Fighting
 + Level 12.0 Axes
 + Level 8.6 Armour
 + Level 5.0 Dodging
 + Level 2.5 Stealth
 + Level 5.3 Shields


You had 10 spell levels left.
You didn't know any spells.
Your spell library was empty.

Dungeon Overview and Level Annotations

Branches:
Dungeon (9/15)             Temple (0/1) D:7            Lair (2/5) D:8
 Shoals (0/4) Lair:2
  Snake: Lair:2-3    Spider: Lair:2-3       Orc: D:9-12

Altars:
Ashenzari
Cheibriados
Gozag
Kikubaaqudgha
Makhleb
Ru
Sif Muna
Trog
Vehumet
Xom
Zin

Shops:
D:1 :   D:8 ?


Innate Abilities, Weirdness & Mutations

You are immune to sickness and miasma.
Your stone body is resilient. (AC +8)
You are immune to poison.
You resist negative energy. (rN+)
You are resistant to electric shocks. (rElec)
You are resistant to unholy torment.
You are immune to petrification.


Message History

You are no longer berserk.
You are exhausted.
You feel yourself slow down. The harpy barely misses you.
The harpy closely misses you. The harpy claws you but does no damage.
The harpy barely misses you.
Your Fighting skill increases to level 9!
Your Axes skill increases to level 12!
You hit the harpy. You freeze the harpy.
The harpy is moderately wounded.
You hit the harpy. You freeze the harpy.
The harpy claws you but does no damage. x2; The harpy barely misses you.
The harpy claws you but does no damage. The harpy closely misses you.
The harpy claws you but does no damage.
Unknown command.
Your skin crawls.
You feel strong-willed. The harpy claws you but does no damage.
The harpy completely misses you. The harpy closely misses you.
The harpy claws you but does no damage. The harpy barely misses you.
The harpy closely misses you.
Unknown command.
You slice the harpy!! You freeze the harpy.
The harpy is almost dead.
You slash the rime drake! You freeze the rime drake. The harpy misses you.
The harpy barely misses you. The harpy claws you.
* * * LOW HITPOINT WARNING * * *
The harpy claws you.
* * * LOW HITPOINT WARNING * * *
A cane toad comes into view.
The rime drake closely misses you.
The harpy claws you but does no damage. x2
The rime drake breathes ice at you. The icy flash freeze hits you!
You partially resist.
* * * LOW HITPOINT WARNING * * *
You are encased in ice.
You are confused.
You feel invigorated. The harpy claws you.
* * * LOW HITPOINT WARNING * * *
The harpy claws you!
* * * LOW HITPOINT WARNING * * *
The harpy closely misses you. The harpy claws you!
You die...

#.......# ....
##.......####....$
######.......#.........
##.P#.#.......#.........
..............†.........
.................(P.....
.......##.P.##.....(....
.......########..k.P....
......P# ##@.......
......####### #†H.......
####.........~.~.H~~....
#........(..~~~~~.P.#.
##.........~~#.#~~#.#
##.######...~.F.~~. #
#..# #...~#.#~... ##.#
#...~~~~~~... ##.#


You could see a cane toad, 2 harpies and a rime drake (catching breath).

Vanquished Creatures
  The ghost of bigdave the Cleaver, a journeyman HOFi of Fedhas (D:9)
  A two-headed ogre (D:9)
  The ghost of schaIuck the Digger, a novice GrEE of Vehumet (D:7)
  A harpy (Lair:2)
  3 komodo dragons
  3 cane toads (Lair:1)
  A freezing wraith (D:9)
  An ice devil (D:9)
  A queen bee (D:9)
  3 blink frogs (Lair:1)
  2 hornets (D:9)
  12 yaks (Lair:1)
  4 wyverns
  4 water moccasins
  An ice beast (D:4)
  2 black bears
  2 orc warriors
  2 sky beasts
  An ogre (D:5)
  2 centaurs
  A phantom (D:5)
  2 kobold brigands (D:8)
  2 bullfrogs
  A scorpion (D:5)
  2 gnoll sergeants
  12 wights
  11 killer bees
  4 howler monkeys
  A crimson imp (D:6)
  3 hounds (D:5)
  5 orc priests
  3 iguanas
  7 orc wizards
  11 gnolls
  8 adders
  3 shadow imps
  8 white imps
  2 ufetubi
  A worm (D:4)
  3 dart slugs
  22 orcs
  5 ball pythons
  6 bats
  3 endoplasms
  5 giant cockroaches
  4 goblins
  7 hobgoblins
  7 jackals
  3 quokkas
  4 frilled lizards
  19 kobolds
  3 rats
226 creatures vanquished.

Notes
Turn   | Place    | Note
-------+----------+-------------------------------------------
     0 | D:1      | Gargoyl the Gargoyle Berserker began the quest for the Orb.
     0 | D:1      | Reached XP level 1. HP: 14/14 MP: 1/1
    91 | D:1      | Found Wurch's Book Boutique.
   246 | D:1      | Reached XP level 2. HP: 18/19 MP: 2/2
   257 | D:1      | Reached skill level 3 in Axes
   544 | D:1      | Reached ** piety under Trog
   545 | D:1      | Reached XP level 3. HP: 21/24 MP: 3/3
  1095 | D:2      | Found a faded altar of an unknown god.
  1256 | D:2      | Reached XP level 4. HP: 29/29 MP: 4/4
  1577 | D:3      | Noticed a black bear
  1584 | D:3      | Killed a black bear
  1585 | D:3      | Reached skill level 4 in Axes
  1585 | D:3      | Reached skill level 1 in Stealth
  1585 | D:3      | Reached XP level 5. HP: 29/33 MP: 5/5
  1792 | D:3      | Reached XP level 6. HP: 38/38 MP: 6/6
  2542 | D:4      | Found an opulent altar of Gozag.
  2567 | D:4      | Noticed an ice beast
  2603 | D:4      | Killed an ice beast
  2604 | D:4      | Reached skill level 5 in Axes
  2664 | D:4      | Found a snail-covered altar of Cheibriados.
  2982 | D:4      | Reached XP level 7. HP: 10/44 MP: 7/7
  3078 | D:4      | Found a sacrificial altar of Ru.
  3282 | D:5      | Entered Level 5 of the Dungeon
  3459 | D:5      | Reached skill level 5 in Fighting
  3579 | D:5      | Reached skill level 6 in Axes
  3631 | D:5      | Reached XP level 8. HP: 29/49 MP: 8/8
  4244 | D:5      | Found a glowing silver altar of Zin.
  4244 | D:5      | Found a shimmering altar of Xom.
  4251 | D:5      | Found a faded altar of an unknown god.
  4253 | D:5      | Found a broken altar of Ashenzari.
  4254 | D:5      | Found a shimmering blue altar of Sif Muna.
  4382 | D:6      | Found an ancient bone altar of Kikubaaqudgha.
  4414 | D:6      | Found a bloodstained altar of Trog.
  4797 | D:6      | Reached skill level 7 in Axes
  5027 | D:6      | Found a burning altar of Makhleb.
  5027 | D:6      | Found a radiant altar of Vehumet.
  5138 | D:7      | Reached XP level 9. HP: 43/55 MP: 9/9
  5175 | D:7      | Reached skill level 8 in Axes
  5229 | D:7      | Reached skill level 1 in Shields
  5230 | D:7      | Identified the +1 leather armour of the Tuna {Rampage rF+
                  | rN+ Dex+2}
  5323 | D:7      | Found a staircase to the Ecumenical Temple.
  5411 | D:7      | Found a runed translucent door.
  5421 | D:7      | Noticed schaIuck's ghost (novice GrEE)
  5631 | D:7      | Killed schaIuck's ghost
  5661 | D:8      | Identified the +1 leather armour "Leciat" {Harm rPois Str+5
                  | Int-2}
  5758 | D:8      | Reached skill level 9 in Axes
  6030 | D:8      | Found a staircase to the Lair.
  6082 | D:8      | Reached skill level 5 in Armour
  6110 | D:8      | Reached *** piety under Trog
  6121 | D:8      | Reached XP level 10. HP: 61/61 MP: 10/10
  6278 | D:8      | Found Ymnom's Magic Scroll Shoppe.
  6293 | D:8      | Bought a scroll of teleportation for 45 gold pieces
  6293 | D:8      | Bought a scroll of enchant weapon for 112 gold pieces
  6875 | D:9      | Noticed a two-headed ogre
  6883 | D:9      | Killed a two-headed ogre
  6892 | D:9      | Noticed bigdave's ghost (journeyman HOFi)
  6957 | D:9      | Found a transporter.
  7174 | D:9      | Reached skill level 10 in Axes
  7325 | D:9      | Found the +8 frozen axe "Frostbite" {freeze, freezing
                  | cloud, *Noise Fly rC+}
  7655 | D:9      | Found a transporter.
  7676 | D:9      | Reached skill level 5 in Shields
  7692 | D:9      | Killed bigdave's ghost
  7698 | D:9      | Reached XP level 11. HP: 25/68 MP: 11/11
  8030 | Lair:1   | Entered Level 1 of the Lair of Beasts
  8064 | Lair:1   | Reached skill level 11 in Axes
  8776 | Lair:1   | You are sucked into a shaft and drop 1 floor!
  8873 | Lair:2   | Reached skill level 5 in Dodging
  8890 | Lair:2   | Found a staircase to the Shoals.
  8890 | Lair:2   | Noticed a harpy
  8890 | Lair:2   | Noticed a harpy
  8890 | Lair:2   | Noticed a harpy
  8900 | Lair:2   | Killed a harpy
  8901 | Lair:2   | Reached skill level 12 in Axes
  8904 | Lair:2   | HP: 2/71 [harpy (9)]
  8904 | Lair:2   | Slain by a harpy

Illustrated notes

Levels and vault maps discovered:
D:1:      dpeg_arrival_shelter, layout_basic, serial_shops, shop
D:2:      wander_river, layout_rooms, ebering_ecumenical_altar_sacrificial
D:3:      layout_loops_ring
D:4:      layout_loops_ring, amcnicky_altar_gilded, slow_altar_2,
          mainiacjoe_overflow_boulevard, grunt_ministairs_6, minmay_ruptured
D:5:      layout_loops_ring, chequers_temple_overflow_minitemple,
          kennysheep_flooded_box
D:6:      layout_rooms, grunt_temple_overflow_lords_of_destruction,
          mainiacjoe_overflow_chevrons, nicolae_kikubaaqudgha_miasma_corner
D:7:      layout_rooms, minmay_temple_entry_poolview,
          hellmonk_ghost_happy_afterlife
D:8:      layout_loops_ring, lair_entry_dummy, serial_shops, shop,
          dk_vineyard_2, minmay_between
D:9:      layout_basic, gammafunk_ghost_hive, hellmonk_guarded_unrand_frostbite
Lair:1:   layout_roguey, serial_bayou_shore_b
Lair:2:   layout_chaotic_city, nicolae_shoals_entry_roost,
          infiniplex_staircase_pool_2, serial_bayou_shore_a, lemuel_fruit_tree

Skill      XL: |  1  2  3  4  5  6  7  8  9 10 11 |
---------------+----------------------------------+-----
Axes           | 3 4 5 6 7 9 10 12 | 12.0
Dodging        | 2 3 4 5 |  5.0
Fighting       | 4 5 6 7 9 |  9.0
Stealth        | 1 2 |  2.5
Armour         | 3 5 7 8 |  8.6
Shields        | 3 5 |  5.3

Action                     |  1- 3 |  4- 6 |  7- 9 | 10-12 || total
---------------------------+-------+-------+-------+-------++-------
  Melee: Hand axe          |    87 |   166 |   351 |   117 ||   721
         Punch             |       |     2 |     1 |       ||     3
         Executioner's axe |       |       |       |    87 ||    87
 Invoke: Berserk           |     2 |     6 |    10 |     5 ||    23
         Trog's Hand       |       |     3 |     5 |     6 ||    14
    Use: Scroll            |     2 |     9 |     5 |     3 ||    19
         Potion            |       |       |     2 |     3 ||     5
   Stab: Sleeping          |     1 |       |     1 |       ||     2
 Armour: Animal skin       |    80 |   130 |    77 |       ||   287
         Chain mail        |       |       |   243 |   268 ||   511
  Dodge: Dodged            |    64 |   134 |   164 |   142 ||   504
  Block: Kite shield       |       |       |    69 |    60 ||   129

Table legend: (Time is in decaauts)
 A = Elapsed time spent in this place.
 B = Non-inter-level travel time spent in this place.
 C = Inter-level travel time spent in this place.
 D = Time resting spent in this place.
 E = Time spent auto-exploring this place.
 F = Levels seen in this place.
 G = Mean time per level.
                   A        B        C        D        E       F      G
               +--------+--------+--------+--------+--------+-----+--------+
         Total |   9162 |   8746 |    416 |    689 |   5798 |  11 |  832.9 |
       Dungeon |   8270 |   7855 |    415 |    689 |   5100 |   9 |  918.9 |
          Lair |    892 |    892 |      0 |      0 |    698 |   2 |  446.0 |
               +--------+--------+--------+--------+--------+-----+--------+

Top non-repeatable levels by time:
     D:9: 1354 daAuts
     D:5: 1224 daAuts
     D:8: 1103 daAuts
     D:3: 996 daAuts
     D:4: 968 daAuts
     D:1: 868 daAuts
  Lair:1: 760 daAuts
     D:2: 657 daAuts
     D:6: 564 daAuts
     D:7: 531 daAuts
  Lair:2: 131 daAuts
